[Event "Late-Titled-Tuesday-Blitz-October-10-2023"]
[Site "Chess.com"]
[Date "2023.10.10"]
[Round "3"]
[White "shimastream"]
[Black "Ali_rastbod"]
[Result "1/2-1/2"]
[WhiteElo "2999"]
[BlackElo "2749"]
[TimeControl "180+1"]
[EndTime "14:28:02 PDT"]
[Termination "Game drawn - insufficient material"]

1. d4 Nf6 2. Bg5 d5 3. Nd2 c5 4. dxc5 e6 5. e4 Bxc5 6. e5 Qb6 7. exf6 Bxf2+ 8. Ke2 e5 9. Nh3 gxf6 10. Nxf2 fxg5 11.
Nb3 O-O 12. Qd2 f6 13. Qxd5+ Be6 14. Qc5 Qa6+ 15. Ke1 Qa4 16. Bb5 Qf4 17. g3 Qf3 18.
Nd2 Qh5 19. Bc4 Bxc4 20. Qxc4+ Kh8 21. Qe2 Qg6 22. c3 Na6 23. Kf1 Rae8 24. g4 f5 25. gxf5 Qxf5 26. Kg2 Nc5 27. Nde4 Ne6 28. Nd3 Nf4+ 29.
Nxf4 exf4 30. Rhf1 Rxe4 31. Qd3 g4 32. Rad1 f3+ 33. Kg1 Re2 34. Qd4+ Qf6 35. Rf2 Qxd4 36. Rxd4 h5 37. Rd5 Re1+ 38. Rf1 Rxf1+ 39. Kxf1 Kg7 40.
Rxh5 Kg6 41. Rd5 Rh8 42. Rd2 Kg5 43. Kg1 Kf4 44. Rd4+ Ke3 45. Rxg4 f2+ 46. Kf1 Rxh2 47. Rg3+ Kd2 48. c4 Kc2 49. Rb3 b6 50. Rb5 Rh1+ 51. Kxf2 Ra1 52. a3 Rb1 53. c5 bxc5 54. Rxc5+ Kxb2 55. Ra5 Ra1 56. Rxa7 Rxa3 57. Rxa3 Kxa3 1/2-1/2

[Event "Late-Titled-Tuesday-Blitz-October-10-2023"]
[Site "Chess.com"]
[Date "2023.10.10"]
[Round "3"]
[White "a-z30"]
[Black "DopplerCharlotteDeWitte"]
[Result "0-1"]
[WhiteElo "2474"]
[BlackElo "2780"]
[TimeControl "180+1"]
[EndTime "14:28:02 PDT"]
[Termination "DopplerCharlotteDeWitte won by resignation"]

1. d3 d5 2. Nf3 Nc6 3. g3 e5 4. Bg2 Nf6 5. O-O Be7 6. Bg5 O-O 7. Nc3 Be6 8. e4 dxe4 9. Bxf6 Bxf6 10. dxe4 Ne7 11. Qc1 c6 12. Ng5 Bxg5 13. Qxg5 f6 14. Qe3 Qb6 15. Qxb6 axb6 16. a4 Rfd8 17. Rfd1 Kf7 18.
f3 g5 19. Bf1 h5 20. Kf2 Ng6 21. Ke3 h4 22. g4 Ke7 23. Rxd8 Rxd8 24. Rd1 Ra8 25.
b3 Bf7 26. Nb1 Nf4 27. Be2 Ra5 28. Nd2 b5 29. axb5 cxb5 30. c3 Be8 31. Rc1 Ra2 32.
Bf1 Rb2 33. b4 Ra2 34. Be2 Bc6 35. Bf1 Kd6 36. Be2 Ng2+ 37. Kd3 Bd7 38. Bf1 Nf4+ 39. Ke3 Kc6 40. Bd3 Ng2+ 41. Ke2 Be6 42. Bb1 Bc4+ 43.
Kd1 Ra8 44. Bc2 Rd8 45. Ra1 Ne3+ 46. Kc1 Be2 47. Ra3 Nxc2 48. Kxc2 Rd3 49. Ra8 Re3 50.
Rc8+ Kd7 51. Rf8 Ke7 52. Rb8 Bxf3 53. Rxb7+ Kf8 54. Rb6 Kg7 55. Nb3 Bxe4+ 56. Kc1 Rxc3+ 57. Kb2 Rc2+ 58. Ka3 Rxh2 59. Nc5 Bf3 60. Rxb5 h3 61.
Rb8 Rg2 62. Ne6+ Kf7 63. Nd8+ Kg6 64. Ne6 h2 65. Nf8+ Kf7 66. Nd7 h1=Q 67. Nxe5+ fxe5 0-1

[Event "Late-Titled-Tuesday-Blitz-October-10-2023"]
[Site "Chess.com"]
[Date "2023.10.10"]
[Round "3"]
[White "GM_dmitrij"]
[Black "Rodalquilar"]
[Result "1-0"]
[WhiteElo "3025"]
[BlackElo "2749"]
[TimeControl "180+1"]
[EndTime "14:28:04 PDT"]
[Termination "GM_dmitrij won by resignation"]

1. e4 d5 2. exd5 Qxd5 3. Nf3 Bg4 4. Be2 Nc6 5. h3 Bxf3 6. Bxf3 Qe6+ 7. Qe2 Qxe2+ 8. Bxe2 O-O-O 9. d3 e5 10. c3 f5 11.
Nd2 g6 12. Nc4 Bg7 13. a4 Nf6 14. O-O Rhe8 15. Be3 Nd5 16. Bg5 Bf6 17. Bd2 h5 18. Rfe1 h4 19. Rad1 Rd7 20. b4 Nb6 21. b5 Ne7 22.
Nb2 Red8 23. a5 Nbd5 24. Na4 b6 25. axb6 cxb6 26. Bf3 Rc7 27. c4 Nf4 28. Bxf4 exf4 29. Re6 Bd4 30. Rde1 Rdd7 31. Kf1 Bc5 32. Nxc5 bxc5 33.
R1e5 Kd8 34. Ke2 Rd4 35. Bc6 a6 36. Rxc5 axb5 37. cxb5 Nxc6 38. bxc6 g5 39. Rg6 Re7+ 40. Kd2 f3 41. gxf3 Kc7 42. Rxg5 Rf4 43. Rgxf5 Ra4 44. Ra5 Rb4 45. Rfc5 Rb2+ 46. Rc2 Re2+ 47. Kxe2 Rxc2+ 48. Ke3 Rxc6 49. Rh5 Rc1 50. Rxh4 Re1+ 51. Kd2 Re8 52. Re4 Rh8 53. h4 Rf8 54. Ke3 Kd6 55. d4 Kd5 56. Re5+ Kd6 57. h5 Ra8 58. f4 Ra3+ 59. Ke4 Ra2 60. f3 Rh2 61. Rg5 Rh1 62. d5 Kc5 63.
Ke5 Re1+ 64. Kf6 Rf1 65. h6 Rh1 66. Kg7 Kd6 67. h7 1-0

[Event "Late-Titled-Tuesday-Blitz-October-10-2023"]
[Site "Chess.com"]
[Date "2023.10.10"]
[Round "3"]
[White "Elbebiber"]
[Black "emeli_chess"]
[Result "1/2-1/2"]
[WhiteElo "2149"]
[BlackElo "2398"]
[TimeControl "180+1"]
[EndTime "14:28:06 PDT"]
[Termination "Game drawn by repetition"]

1. d4 Nf6 2. Bg5 e6 3. Nf3 h6 4. Bh4 c5 5. e3 cxd4 6. exd4 Be7 7. c3 b6 8. Be2 Ba6 9. O-O Bxe2 10. Qxe2 d6 11.
Nbd2 Nbd7 12. Rfe1 O-O 13. h3 a6 14. Bg3 b5 15. Ne4 Nxe4 16. Qxe4 Nf6 17. Qd3 Nd5 18.
Nd2 Qb6 19. Rac1 Rac8 20. Ne4 Rfd8 21. Nd2 Bg5 22. Rcd1 Bxd2 23. Rxd2 Qc6 24. a3 Qc4 25. Qe4 a5 26. Qe2 b4 27. Qxc4 Rxc4 28. cxb4 axb4 29. Ra1 b3 30. Rad1 Kf8 31. Kf1 Ke7 32.
Rd3 Rb8 33. R1d2 f5 34. f3 g5 35. Ke2 Rc1 36. Rd1 Rc2+ 37. R1d2 Rc4 38. Rd1 Rb6 39. R1d2 f4 40. Bf2 Kd7 41. Rd1 Ne7 42. R1d2 Nf5 43. d5 Ra6 44. dxe6+ Kxe6 45. Bd4 Nxd4+ 46. Rxd4 Rxd4 47. Rxd4 Rc6 48. Rd2 d5 49. Kd3 Kd6 50. Kd4 Rc4+ 51. Kd3 Kc5 52. Re2 Rc1 53. Rd2 Rf1 54.
Re2 Rd1+ 55. Kc3 d4+ 56. Kxb3 Rd3+ 57. Kc2 Kc4 58. Rd2 Re3 59. Kd1 Rb3 60. Kc2 Re3 61.
Kd1 Rb3 62. Kc2 Re3 1/2-1/2

[Event "Late-Titled-Tuesday-Blitz-October-10-2023"]
[Site "Chess.com"]
[Date "2023.10.10"]
[Round "3"]
[White "cassoulet"]
[Black "ChristopherYoo"]
[Result "0-1"]
[WhiteElo "2752"]
[BlackElo "3029"]
[TimeControl "180+1"]
[EndTime "14:28:07 PDT"]
[Termination "ChristopherYoo won by resignation"]

1. d4 Nf6 2. Bg5 c5 3. Bxf6 gxf6 4. d5 f5 5. c4 Bg7 6. Nc3 b5 7. cxb5 a6 8. e3 axb5 9. Bxb5 Bxc3+ 10. bxc3 Qa5 11.
Qd3 Ba6 12. Bxa6 Qxa6 13. Qxf5 d6 14. Ne2 Nd7 15. Qc2 Qc4 16. O-O Qxd5 17. Nf4 Qc6 18.
Qf5 Ne5 19. Qg5 h6 20. Qf5 Qd7 21. Qe4 Ra4 22. Qb1 O-O 23. Rd1 Rfa8 24. h3 R4a7 25. Nd5 Rb7 26. Qe4 Ra4 27. Qc2 Raa7 28. Qe4 Ra4 29.
Qc2 Raa7 30. Qe2 Qe6 31. e4 Ng6 32. Qf3 Rb2 33. Rdb1 Raxa2 34. Rxa2 Rxb1+ 35. Kh2 Rb8 36. Ra7 Kg7 37. g3 Rb2 38. h4 Ne5 39. Qf4 Rxf2+ 40. Qxf2 Ng4+ 41. Kg2 Nxf2 42. Kxf2 Qxe4 43. Nxe7 Qc2+ 44.
Kf3 Qxc3+ 45. Kf4 Qd2+ 46. Kg4 Qd4+ 47. Kf3 Qd3+ 48. Kf4 Qf1+ 49. Kg4 Qe2+ 50. Kf4 Qe5+ 51. Kf3 d5 52. g4 Qe4+ 53. Kg3 h5 54. Nf5+ Kf6 55. Ra6+ Ke5 56. Nh6 Qf4+ 57. Kh3 hxg4+ 58. Nxg4+ Kd4 59. Ra4+ c4 60. Ra3 Qf1+ 61. Kg3 Qe1+ 62. Nf2 c3 63. Ra4+ Ke3 64. Rf4 Qg1+ 65. Kh3 Kxf4 66.
Nd3+ Kf5 0-1

[Event "Late-Titled-Tuesday-Blitz-October-10-2023"]
[Site "Chess.com"]
[Date "2023.10.10"]
[Round "3"]
[White "NigelDwarf"]
[Black "sergiochess83"]
[Result "0-1"]
[WhiteElo "2546"]
[BlackElo "2873"]
[TimeControl "180+1"]
[EndTime "14:28:12 PDT"]
[Termination "sergiochess83 won by resignation"]

1. Nf3 d5 2. c4 d4 3. b4 Bg4 4.
g3 Bxf3 5. exf3 e6 6. b5 Ne7 7.
Bg2 Nf5 8. O-O c6 9. f4 Be7 10. d3 O-O 11. Nd2 a6 12. bxc6 Nxc6 13. Nf3 Qc7 14.
Rb1 Rab8 15. Bd2 Bc5 16. Re1 b6 17. Qa4 a5 18. Ne5 Nxe5 19. fxe5 Rfd8 20. h4 h5 21. Qd1 g6 22. Rb5 Rbc8 23. Bg5 Be7 24. Bxe7 Nxe7 25.
Qb3 Nc6 26. f4 Nb4 27. a3 Na6 28. Rb1 Nc5 29. Qc2 Rb8 30. Bf1 Qc6 31. Qg2 Qc7 32. Be2 Kg7 33. Qf3 Na4 34. g4 hxg4 35. Qxg4 Rh8 36. Rf1 Nc3 37. Bf3 Nxb5 38. cxb5 Qe7 39. Qg5 Qxg5+ 40. hxg5 Rh3 41. Kg2 Rbh8 42. Rc1 Rh2+ 43.
Kg3 Rd2 44. Be4 Rb8 45. Rc7 Ra2 46. Rd7 Rxa3 47. Rxd4 Rb3 48. Bc6 a4 49. Rxa4 Rxd3+ 50. Kf2 Rbd8 51. Ra7 R8d4 52. Be8 Rxf4+ 53. Ke2 Rd5 54. Rb7 Rxe5+ 55. Kd3 Rxg5 56. Rxb6 Rg3+ 57. Ke2 Rb3 58. Rb7 g5 59. Bc6 g4 60. Rd7 g3 61.
Rd3 Rf2+ 62. Ke1 Rxd3 0-1

[Event "Late-Titled-Tuesday-Blitz-October-10-2023"]
[Site "Chess.com"]
[Date "2023.10.10"]
[Round "3"]
[White "PawnEatingZombie"]
[Black "Vegan4future"]
[Result "0-1"]
[WhiteElo "2190"]
[BlackElo "2411"]
[TimeControl "180+1"]
[EndTime "14:28:18 PDT"]
[Termination "Vegan4future won on time"]

1. e4 e5 2. Nf3 Nc6 3. Bb5 a6 4. Ba4 Nf6 5. d3 Bc5 6. O-O d6 7. c3 O-O 8. Nbd2 Ba7 9. h3 h6 10. Re1 Ne7 11. Nf1 Ng6 12. Be3 Qe7 13. Bc2 Nh5 14.
Bxa7 Rxa7 15. d4 Nhf4 16. Ng3 Nh4 17. Nxh4 Qxh4 18. Qf3 Qf6 19. Kh2 Ra8 20. Rad1 Be6 21. a3 Rae8 22. Rd2 Bc8 23. Red1 exd4 24. cxd4 Qg5 25.
Bb3 Be6 26. Bxe6 fxe6 27. Qg4 Qxg4 28. hxg4 Ng6 29. f3 e5 30. d5 Nf4 31. Rc2 Re7 32. Nf5 Rd7 33. Rdc1 Rff7 34. g3 Nd3 35. Rd1 Nc5 36.
b4 Na4 37. Rdc1 Nb6 38. Kg2 Kh7 39. Kf2 g6 40. Ne3 Kg7 41. Ke2 Nc8 42. Nc4 b6 43. Ne3 Na7 44. a4 Kf8 45. Kd3 Ke8 46. Ke2 Kd8 47. Rh1 Rh7 48. Kd3 b5 49. a5 Rdf7 50. Rf2 Nc8 51. Ke2 Ne7 52. Rfh2 Ng8 53. g5 h5 54. Ng4 hxg4 55. Rxh7 Rxf3 56. Rh8 Rf8 57. R1h7 Ke8 58. Rg7 Ne7 59. Rxf8+ Kxf8 60. Rh7 Kg8 61. Rh6 Kg7 62. Rh4 c5 63. Rxg4 cxb4 64. Kd3 Kf7 65. Rh4 Kg7 66. Rh1 Nc8 67. Rc1 Ne7 68. Rc7 Kf8 69. Kc2 Ke8 70. Kb3 Kd8 71. Ra7 Nc8 72.
Rg7 Ne7 73. Kxb4 Ke8 0-1

[Event "Late-Titled-Tuesday-Blitz-October-10-2023"]
[Site "Chess.com"]
[Date "2023.10.10"]
[Round "3"]
[White "baki83"]
[Black "Tonychess32"]
[Result "1-0"]
[WhiteElo "2815"]
[BlackElo "2497"]
[TimeControl "180+1"]
[EndTime "14:28:21 PDT"]
[Termination "baki83 won by resignation"]

1. d4 Nf6 2. Bf4 c5 3. d5 d6 4.
Nc3 a6 5. a4 b6 6. e4 Nbd7 7.
Nf3 g6 8. e5 dxe5 9. Nxe5 Nxe5 10. Bxe5 Bg7 11. Bc4 O-O 12. O-O Bb7 13. Re1 Qd7 14.
Qd3 Rfd8 15. Rad1 Ne8 16. Bxg7 Nxg7 17. Re5 Nf5 18. Rde1 Re8 19. Ne4 Rad8 20. Bxa6 Bxa6 21. Qxa6 f6 22. Re6 Nd4 23. Rxf6 Qxd5 24. Rxb6 Nxc2 25.
Rxg6+ Kh8 26. Nf6 hxg6 27. Nxd5 Nxe1 28. Qxg6 Rf8 29. Qh6+ Kg8 30. Qe6+ Kh8 31. Qe5+ Kg8 32. Qxe1 Rfe8 33. Qe6+ Kf8 34. h4 Rd6 35. Qf5+ Kg7 36. Qg5+ Kf7 37. Qh5+ Kf8 38. Qh8+ Kf7 39. Qh7+ Kf8 40.
Qf5+ Kg7 41. Ne3 Rf6 42. Qg5+ Kf7 43. h5 Rg8 44. Qd5+ Kf8 45. Qxc5 Rd6 46. Qf5+ Rf6 47. Qc8+ Kf7 48. Qc4+ Kg7 49. a5 Rd8 50. Qg4+ Kf7 51. Qc4+ Kg7 52. Qc7 Rfd6 53. Qxe7+ Kg8 54. g3 R6d7 55. Qe6+ Kg7 56. Qg6+ Kf8 57. h6 Rc8 58. Qf5+ Ke7 59. Kg2 Rf8 60. Qe5+ Kd8 61. Qg5+ Ke8 62. a6 Rdf7 63. Ng4 Rf5 64. Qe3+ Kd7 65. a7 1-0

[Event "Late-Titled-Tuesday-Blitz-October-10-2023"]
[Site "Chess.com"]
[Date "2023.10.10"]
[Round "3"]
[White "mbojan"]
[Black "Firouzja2003"]
[Result "1-0"]
[WhiteElo "2784"]
[BlackElo "3054"]
[TimeControl "180+1"]
[EndTime "14:28:22 PDT"]
[Termination "mbojan won on time"]

1. Nf3 Nf6 2. e3 g6 3. b3 Bg7 4. Bb2 O-O 5. Be2 d6 6. d4 Nbd7 7. O-O Re8 8. c4 c6 9. Nc3 e5 10. Qc2 Qe7 11. b4 e4 12. Nd2 Nf8 13. b5 Bf5 14. bxc6 bxc6 15. Rfb1 h5 16. Ba3 Ne6 17. Qa4 Nxd4 18. exd4 e3 19. Nf1 exf2+ 20. Kh1 Bxb1 21.
Rxb1 Ne4 22. Nd1 Nd2 23. Bd3 Nxb1 24. Bxb1 Qe1 25. Bd3 Bxd4 26. Qc2 c5 27. Bc1 Rab8 28. g3 h4 29. gxh4 Qe6 30. Nxf2 Qf6 31. Kg2 Re1 32. Ne4 Qxh4 33. Nfg3 Qg4 34. Nf2 Bxf2 35. Kxf2 Rh1 36. Nxh1 Qh3 37. Kg1 Re8 38. Ng3 Re1+ 39. Kf2 Re6 40.
Kg1 Qg4 41. Kg2 Re1 42. Bd2 Re6 43. Qb2 Re8 44. Qc1 Qd4 45. Qf1 Qb2 46. Qf2 f5 47.
Bf4 Qc3 48. Be2 Re6 49. h4 Qf6 50. Bg5 Qe5 51. Bf4 Qf6 52. Bg5 Qc3 53. h5 Qe5 54.
Bf4 Qf6 55. hxg6 Qxg6 56. Qf3 Kf8 57. Bd3 Qf6 58. Qd5 Qb2+ 59. Kh3 Qf6 60. Bxf5 Qh8+ 61.
Kg4 Qg7+ 62. Kf3 Qc3+ 63. Kg4 Qg7+ 64. Bg5 Re8 65. Qxd6+ Kg8 66. Qd5+ Kh8 67. Nh5 Qg8 68. Qxg8+ 1-0

[Event "Late-Titled-Tuesday-Blitz-October-10-2023"]
[Site "Chess.com"]
[Date "2023.10.10"]
[Round "3"]
[White "Chesstrainer1"]
[Black "Freefresh"]
[Result "1/2-1/2"]
[WhiteElo "2473"]
[BlackElo "2748"]
[TimeControl "180+1"]
[EndTime "14:28:22 PDT"]
[Termination "Game drawn - insufficient material"]

1. e4 a6 2. d4 b5 3. Nf3 Bb7 4. Bd3 e6 5. O-O Nf6 6. Qe2 c5 7. dxc5 Bxc5 8. a4 b4 9. e5 Nd5 10. Re1 h6 11. Qe4 Qb6 12. Qh4 g5 13. Nxg5 Bxf2+ 14. Qxf2 Qxf2+ 15. Kxf2 hxg5 16. h3 Nf4 17. Bxf4 gxf4 18.
Be4 Bxe4 19. Rxe4 Nc6 20. Nd2 Rh5 21. Nf3 a5 22. Rae1 Rf5 23. Rc4 Ke7 24. Ree4 Rg8 25. b3 Rd8 26. Rxf4 Rxf4 27. Rxf4 Rc8 28. Rc4 Rg8 29.
g4 Re8 30. h4 Rh8 31. h5 f6 32. exf6+ Kxf6 33. g5+ Kf5 34. h6 e5 35. Rc5 Kf4 36. Rc4+ e4 37. Nd2 Kxg5 38. Nxe4+ Kxh6 39. Nc5 Re8 40.
Nxd7 Ne7 41. Re4 Kg7 42. Nb6 Kf7 43. Ke2 Rh8 44. Nc4 Rh2+ 45. Kd3 Nc6 46. Re2 Rh3+ 47. Re3 Rh4 48. Rf3+ Ke6 49. Rg3 Rh5 50. Rg6+ Kd5 51. Rg3 Kc5 52. Kd2 Rd5+ 53. Kc1 Nd4 54. Kb2 Ne2 55.
Rd3 Rh5 56. Nxa5 Nc3 57. Nc4 Rh1 58. Rxc3 bxc3+ 59. Kxc3 Rh3+ 60. Kb2 Kb4 61. a5 Rh6 62. c3+ Kb5 63. Ka3 Rh3 64. Kb2 Rh2+ 65. Ka3 Rc2 66. Nb2 Rxc3 67. Nc4 Rf3 68. Kb2 Kb4 69. Kc2 Rc3+ 70. Kd2 Rxb3 71. Ne3 Ra3 72. Nc2+ Kxa5 73. Nxa3 1/2-1/2

[Event "Late-Titled-Tuesday-Blitz-October-10-2023"]
[Site "Chess.com"]
[Date "2023.10.10"]
[Round "3"]
[White "ElenGajger"]
[Black "dedpihto_v_kozhanom_palto"]
[Result "1/2-1/2"]
[WhiteElo "2398"]
[BlackElo "2645"]
[TimeControl "180+1"]
[EndTime "14:28:23 PDT"]
[Termination "Game drawn - insufficient material"]

1. e4 c5 2. Nc3 Nc6 3. Bb5 Nd4 4.
Bc4 g6 5. Nf3 Bg7 6. Nxd4 cxd4 7.
Qf3 e6 8. Nb5 d6 9. Qa3 Bf8 10.
Nxd4 d5 11. Bb5+ Bd7 12. Bxd7+ Qxd7 13. Qf3 dxe4 14. Qxe4 Nf6 15. Qe5 Bg7 16. Qb5 Rc8 17.
c3 O-O 18. Qxd7 Nxd7 19. Nb5 Rc5 20. Nd6 Rd5 21. Ne4 f5 22. Ng3 e5 23. O-O Nc5 24.
d4 exd4 25. cxd4 Bxd4 26. Rb1 Nd3 27. Bh6 Rc8 28. Ne2 Be5 29. Rfd1 Rc2 30. Nc1 Nb4 31. Rxd5 Nxd5 32. Nd3 Bd4 33. Rc1 Rxc1+ 34. Bxc1 Kf7 35. Kf1 b5 36. Ke2 Ke6 37. Bd2 Kd6 38. f3 Nb6 39. b3 Nd5 40. g4 Ke6 41. h4 Nc3+ 42. Bxc3 Bxc3 43. Nf4+ Ke5 44. Nd3+ Kd4 45. Nf4 Bb4 46.
Ne6+ Kc3 47. h5 Kb2 48. Kd3 Kxa2 49. Kc2 a5 50. Nd4 a4 51. bxa4 bxa4 52. hxg6 hxg6 53. gxf5 gxf5 54. Nxf5 Ka3 55. Nd4 Bf8 56. Ne6 Be7 57. Nd4 Bf6 58. Nb5+ Kb4 59. Nc7 Bg7 60. Nd5+ Kc5 61.
Nc3 a3 62. Na2 Kc4 63. f4 Bf6 64. f5 Bg7 65. Kb1 Kb3 66. Nc1+ Kc3 67. Ka2 Bf8 68.
Ne2+ Kc2 69. Nd4+ Kd3 70. Ne6 Be7 71. Nf4+ Ke4 72. Ng6 Bf6 73. Kxa3 Kxf5 1/2-1/2

[Event "Late-Titled-Tuesday-Blitz-October-10-2023"]
[Site "Chess.com"]
[Date "2023.10.10"]
[Round "3"]
[White "BogdanDeac"]
[Black "Mikhail_Golubev"]
[Result "1-0"]
[WhiteElo "3010"]
[BlackElo "2611"]
[TimeControl "180+1"]
[EndTime "14:28:24 PDT"]
[Termination "BogdanDeac won on time"]

1. b3 d6 2. Bb2 Nd7 3. d4 Ngf6 4. Nf3 g6 5. g3 Bg7 6. Bg2 O-O 7. O-O a5 8. c4 a4 9. b4 Ne4 10. Qc2 d5 11. cxd5 Ndf6 12. Ne5 a3 13. Nxa3 Qxd5 14.
f3 Rxa3 15. fxe4 Qd8 16. d5 Re3 17. Nc4 Bh6 18. Rxf6 exf6 19. Bc1 Rxg3 20. hxg3 Bg7 21. Bb2 Re8 22. Rf1 h5 23. Qd2 Bg4 24. Ne3 Bd7 25.
Qd4 Qa8 26. Rxf6 Re7 27. e5 Bxf6 28. exf6 Re8 29. a3 Qa4 30. Bf3 Qb3 31. Bc1 Qb1 32. Qc3 c6 33. d6 Re6 34. Qb2 Qxb2 35. Bxb2 Rxd6 36. Bc3 Be6 37. Kf2 Rd8 38. Be4 Kf8 39. Bd3 Ke8 40. a4 Kd7 41. a5 Kc8 42.
Nc4 Kb8 43. Nb6 g5 44. Be5+ Ka7 45. Bc7 Rh8 46. Bd6 h4 47. gxh4 gxh4 48. Kg2 h3+ 49. Kh2 Bg4 50. Bc5 Re8 51. Nc4+ Kb8 52. e4 Be6 53.
Ne5 Rg8 54. Bf1 Rg5 55. Bd6+ Kc8 56. Nf3 Rh5 57. Nd2 Rg5 58. Bc5 Rh5 59. Bd4 Rh6 60. Nf3 Rh5 61. Ne5 Rh7 62. Nd3 Rh5 63. Nc5 Bg4 64. Bc4 Rh7 65. e5 Bf5 66. e6 fxe6 67.
Nxe6 Kd7 68. Nf8+ Kd6 69. Nxh7 1-0

[Event "Late-Titled-Tuesday-Blitz-October-10-2023"]
[Site "Chess.com"]
[Date "2023.10.10"]
[Round "3"]
[White "tjallkompall"]
[Black "SpeedofLight0"]
[Result "1/2-1/2"]
[WhiteElo "2755"]
[BlackElo "3016"]
[TimeControl "180+1"]
[EndTime "14:28:28 PDT"]
[Termination "Game drawn by stalemate"]

1. c4 e5 2. g3 Nf6 3. Bg2 Bc5 4. Nc3 O-O 5. e3 Nc6 6. Nge2 d6 7. O-O a6 8. a3 Ba7 9. h3 Bf5 10. d3 Qd7 11.
Kh2 Rfe8 12. e4 Bg6 13. Bg5 Nh5 14. g4 Nf4 15. Nxf4 exf4 16. Bxf4 Bd4 17. Bg3 f6 18. f4 Bf7 19. Qd2 Rab8 20. Rae1 b5 21. cxb5 axb5 22. b4 Ne7 23. Ne2 Bb6 24. g5 fxg5 25. f5 h6 26. h4 gxh4 27. Bxh4 d5 28. Bh3 dxe4 29. f6 Qd6+ 30. Bg3 Qxd3 31. Qxd3 exd3 32.
fxe7 dxe2 33. Rxe2 Bc4 34. Be6+ Bxe6 35. Rxe6 Ra8 36.
Rf3 Ra7 37. Kh3 Bd4 38. Kg4 Bf6 39. Bf2 Rb7 40. Bc5 Kf7 41. Rc6 Kg8 42. Re6 c6 43. Rxc6 Bxe7 44. Re3 Kf7 45. Rxe7+ Rexe7 46. Bxe7 Rxe7 47. Rc5 Re3 48. Rxb5 Rxa3 49. Kf5 Re3 50. Rb7+ Re7 51. Rb6 h5 52. b5 h4 53. Rb8 Rc7 54. b6 Rc4 55. b7 Rb4 56. Kg5 h3 57. Rh8 Rb5+ 58. Kg4 Rxb7 59. Rxh3 Kf6 60. Rf3+ Kg6 61. Rf4 Rb5 62. Ra4 Rg5+ 63. Kh4 Rf5 64. Ra6+ Rf6 65. Ra4 Kf5 66. Kg3 Re6 67. Ra5+ Re5 68. Ra4 g5 69. Rb4 Re3+ 70. Kg2 Rd3 71. Ra4 Kg6 72. Rb4 Rc3 73. Ra4 Kh5 74. Rb4 Re3 75. Ra4 Kg6 76. Rb4 Kf5 77. Ra4 Re4 78. Rxe4 Kxe4 79.
Kg3 Kf5 80. Kf3 g4+ 81. Kg3 Kg5 82. Kg2 Kf4 83. Kf2 Kf5 84. Kg3 Kg5 85. Kg2 Kh4 86. Kh2 g3+ 87. Kg2 Kg4 88. Kg1 Kh3 89. Kh1 Kh4 90.
Kg2 Kg4 91. Kg1 Kf3 92. Kf1 Ke3 93. Kg2 Kf4 94. Kg1 Kf3 95. Kf1 g2+ 96. Kg1 Kg3 1/2-1/2

[Event "Late-Titled-Tuesday-Blitz-October-10-2023"]
[Site "Chess.com"]
[Date "2023.10.10"]
[Round "3"]
[White "YouShallNotPass001"]
[Black "fastestmindalive"]
[Result "1-0"]
[WhiteElo "2418"]
[BlackElo "2681"]
[TimeControl "180+1"]
[EndTime "14:28:33 PDT"]
[Termination "YouShallNotPass001 won by checkmate"]

1. Nf3 Nf6 2. e3 g6 3. Be2 Bg7 4. O-O O-O 5. d4 b6 6. c4 Bb7 7.
Nc3 e6 8. b4 d6 9. a4 a5 10. b5 Ne4 11. Nxe4 Bxe4 12. Ba3 Nd7 13. Rc1 Qe7 14. Nd2 Bb7 15. c5 dxc5 16. dxc5 Nxc5 17. Bxc5 bxc5 18. Nb3 Rfd8 19. Qc2 Qg5 20. g3 Rac8 21. Nxc5 Ba8 22. Rfd1 h5 23. Nb3 Rxd1+ 24. Rxd1 h4 25. Nxa5 hxg3 26. hxg3 Bd5 27. e4 Ba8 28. Nc6 Bf6 29.
a5 Kg7 30. a6 Rh8 31. Qc4 Qh6 32. Bf3 Qh2+ 33. Kf1 Bxc6 34. Qxc6 Qh3+ 35. Ke2 e5 36. a7 Qc8 37. Ra1 Qa8 38. Qxa8 Rxa8 39. Kd3 Be7 40. Kc4 Bg5 41. Ra2 Bd2 42. Rxd2 Rxa7 43. Rb2 Ra3 44. Be2 Kf6 45. Kd5 Rc3 46. Bc4 Rc1 47.
Kc5 Kg5 48. Rb4 Rc2 49. Kc6 Rxf2 50. Kxc7 f5 51. exf5 e4 52. b6 e3 53. b7 Rc2 54.
b8=Q e2 55. Qd8+ Kg4 56. Qe7 gxf5 57. Kd8 Kf3 58. Bxe2+ Rxe2 59. Qb7+ Kxg3 60. Rb3+ Kh2 61. Qf7 Rd2+ 62. Ke7 Re2+ 63. Kf6 Rg2 64. Qh5+ Kg1 65. Rb1+ Kf2 66. Qxf5+ Kg3 67. Rb3+ Kh2 68. Qh5+ Kg1 69. Rb1+ Kf2 70. Rb2+ Kf1 71. Rxg2 Ke1 72. Qh1# 1-0

[Event "Late-Titled-Tuesday-Blitz-October-10-2023"]
[Site "Chess.com"]
[Date "2023.10.10"]
[Round "3"]
[White "Elsa167"]
[Black "JoakimVonAnd"]
[Result "1-0"]
[WhiteElo "2923"]
[BlackElo "2691"]
[TimeControl "180+1"]
[EndTime "14:28:38 PDT"]
[Termination "Elsa167 won by checkmate"]

1. d4 d5 2. c4 e6 3. Nf3 Nf6 4. Nc3 c5 5. Bg5 cxd4 6. Qxd4 Nc6 7. Bxf6 gxf6 8. Qh4 d4 9. O-O-O e5 10. e3 Be7 11.
exd4 f5 12. Qh5 exd4 13. Nd5 Be6 14. Bd3 Bxd5 15. cxd5 Qxd5 16. b3 Qa5 17. Kb1 O-O-O 18. Qxf5+ Qxf5 19. Bxf5+ Kc7 20. Be4 Bf6 21. Bxc6 Kxc6 22.
Kc2 Kd5 23. Rd2 Rc8+ 24. Kb1 Rhe8 25. Nxd4 Bxd4 26. Rhd1 Re4 27. f3 Rf4 28. g3 Rxf3 29.
Rxd4+ Ke6 30. R1d2 Rc7 31. Rd6+ Kf5 32. Rh6 f6 33.
Kb2 Kg5 34. Rh4 h5 35. Ra4 a6 36. Rad4 f5 37. Rd8 Kg4 38. Rg8+ Kh3 39. Rg5 Rh7 40. a4 h4 41. gxh4 Rxh4 42. Rg7 Rhf4 43. Rxb7 Rf2 44. Rxf2 Rxf2+ 45. Kc3 Kxh2 46. Rb6 a5 47. Rb5 f4 48.
Rxa5 f3 49. Rf5 Kg2 50. a5 Ra2 51. b4 f2 52. Kc4 Ra3 53. Rxf2+ Kxf2 54. Kb5 Ke3 55. Kb6 Kd4 56. a6 Kc4 57. a7 Rb3 58. a8=Q Rxb4+ 59. Kc6 Kc3 60. Qh8+ Kb3 61. Qg8+ Kb2 62.
Kc5 Rb3 63. Qg7+ Kc2 64. Kc4 Re3 65. Qg2+ Kd1 66. Kd4 Re2 67. Qf3 Kd2 68. Qc3+ Kd1 69. Qa5 Kc2 70. Qb4 Kd1 71. Kd3 Rh2 72. Qb1# 1-0

[Event "Late-Titled-Tuesday-Blitz-October-10-2023"]
[Site "Chess.com"]
[Date "2023.10.10"]
[Round "3"]
[White "schack_vit"]
[Black "rookoco"]
[Result "1/2-1/2"]
[WhiteElo "2467"]
[BlackElo "2735"]
[TimeControl "180+1"]
[EndTime "14:28:46 PDT"]
[Termination "Game drawn by repetition"]

1. c4 e5 2. g3 Nf6 3. Bg2 c6 4. Nf3 e4 5. Nd4 d5 6. d3 dxc4 7. dxe4 Bc5 8. Be3 O-O 9. O-O Ng4 10. Na3 Nxe3 11. fxe3 b5 12. e5 a6 13. Nac2 Qe7 14.
a4 Ra7 15. axb5 cxb5 16. Nf3 Nc6 17. Qd5 Rc7 18. Nfd4 Bb7 19. Nf5 Qxe5 20. Qxe5 Nxe5 21. Bxb7 Rxb7 22. Rxa6 g6 23. Nfd4 b4 24. Ra5 Rc8 25.
Rc1 Ng4 26. h3 Nxe3 27. Rxc5 Rxc5 28. Nxe3 c3 29. bxc3 bxc3 30. Kf2 Kg7 31. Nd1 Rbc7 32. Rc2 Rc4 33. e3 Rb7 34. Ne2 h5 35. Rxc3 Ra4 36.
Rc2 Rb3 37. h4 Ra1 38. Rd2 Rbb1 39. Nec3 Rc1 40. Ke2 Ra3 41. Rd3 Rc2+ 42. Kf3 Rb3 43. Ke4 Rg2 44. Kf3 Rc2 45. Ke4 Rb4+ 46. Rd4 Rb7 47.
Nd5 Rb1 48. Nf4 Rcc1 49. Nf2 Rb7 50. Rd2 Rf1 51. Kf3 Re1 52. Ne4 Rb3 53. Rd3 Rf1+ 54.
Nf2 Rb2 55. Nh3 Ra2 56. Rd7 Kf6 57. Rd6+ Ke7 58. Rd4 Rb1 59. Re4+ Kf8 60. Rf4 Rf1 61. Kg2 Rb1 62. Ng5 Rb7 63. Kf3 Kg7 64. Nfe4 Ra1 65.
Nd6 Rd7 66. Ndxf7 Rf1+ 67. Ke4 Rxf4+ 68. exf4 Re7+ 69. Ne5 Ra7 70. Ne6+ Kf6 71. Ng5 Ra4+ 72. Kf3 Kf5 73. Ngf7 Ra3+ 74. Kg2 Ra2+ 75. Kf3 Ra3+ 76. Kg2 Ra2+ 77. Kh3 Ra3 78. Nh6+ Kf6 79. Ng8+ Kg7 80. Ne7 Kf6 81. N7xg6 Kf5 82. Ne7+ Kf6 83. Nd5+ Kf5 84.
Ne7+ Kf6 85. N7g6 Kf5 86. Kg2 Ra2+ 87. Kf3 Ra3+ 88. Kf2 Ra2+ 89. Kg1 Ra3 90. Kh2 Ra2+ 91. Kh3 Ra3 1/2-1/2

[Event "Late-Titled-Tuesday-Blitz-October-10-2023"]
[Site "Chess.com"]
[Date "2023.10.10"]
[Round "3"]
[White "Horokoskii"]
[Black "Kostukov_Alex"]
[Result "1-0"]
[WhiteElo "2107"]
[BlackElo "2382"]
[TimeControl "180+1"]
[EndTime "14:29:00 PDT"]
[Termination "Horokoskii won on time"]

1. c4 c5 2. Nc3 Nf6 3. g3 g6 4. Bg2 Bg7 5. Nf3 O-O 6. O-O Nc6 7. d4 cxd4 8. Nxd4 Nxd4 9. Qxd4 d6 10. Bg5 Be6 11.
Rac1 Nd5 12. Qh4 Nxc3 13. bxc3 f6 14. Be3 Qc7 15. Bd5 Bf7 16. Bh6 Bxh6 17. Qxh6 e6 18.
Bf3 Qxc4 19. Rfd1 d5 20. Rd4 Qc7 21. Rh4 Be8 22. c4 Rf7 23. cxd5 Qe7 24. dxe6 Qxe6 25. Rd1 Bc6 26. Bxc6 bxc6 27. e3 Qxa2 28. Rd6 Qa1+ 29. Kg2 Qe5 30. Rhd4 Raf8 31. Rxc6 a5 32. Rcc4 Ra8 33.
Ra4 Qg5 34. Qxg5 fxg5 35. Rd5 Rf5 36. Rd7 h5 37. Rc4 Rf7 38. Rd6 Kh7 39. Ra4 Rf5 40. Rd7+ Kh6 41. Re4 g4 42. Ree7 Kg5 43. Rd6 Rf6 44.
Re5+ Rf5 45. Ree6 Rg8 46. Ra6 Rg7 47. Reb6 Kh6 48. Rb2 Rgf7 49. Ra2 Rc7 50. R6xa5 Rxa5 51. Rxa5 Rc2 52. Ra4 Rb2 53. Rf4 Re2 54. h3 Kg5 55. hxg4 hxg4 56. Ra4 Rb2 57. Rd4 Kf5 58. Rd5+ Kf6 59.
Ra5 Rc2 60. Kf1 Rb2 61. Rd5 Rc2 62. Ke1 Rb2 63. Rd2 Rb1+ 64. Ke2 Rb3 65. Rd4 Rb2+ 66. Rd2 Rb3 67. Ra2 Rc3 68. Kd2 Rb3 69. Rc2 Rb1 70.
Kd3 Rf1 71. Ke4 Kg5 72. Rc5+ Kh6 73. Rc2 Kg5 74. Kd5 Kf6 75. e4 Rd1+ 76. Kc5 Ke5 77. Re2 Rd4 78. Re3 Rxe4 79. Ra3 Re2 80. f3 gxf3 81. Rxf3 Re4 82. Ra3 g5 83. Rf3 1-0